 Dungeon Crawl Stone Soup version 0.16.1-18-g436b03c (webtiles) character file.

260 EmilioHeskey the Twirler (level 6, -1/48 HPs)
             Began as a Formicid Gladiator on Apr 29, 2015.
             Succumbed to Sigmund's poison
             ... on level 3 of the Dungeon.
             The game lasted 00:09:35 (2785 turns).

EmilioHeskey the Twirler (Formicid Gladiator)       Turns: 2785, Time: 00:09:36

Health: -1/48      AC:  6    Str: 25    XL:     6   Next: 41%
Magic:  8/8        EV: 16    Int: 12    God:
Gold:   152        SH:  0    Dex: 18    Spells: 0 memorised, 5 levels left

rFire  + . .     SeeInvis +     a - +0 quarterstaff
rCold  + . .     Clarity  .     h - +0 scale mail
rNeg   . . .     SustAb   .     (no shield)
rPois  +         Gourm    .     (helmet unavailable)
rElec  +         Spirit   .     (no cloak)
rCorr  +         Warding  .     (no gloves)
rMut   .         Stasis   +     (no boots)
MR     .....                    (no amulet)
Stlth  +.........               (no ring)
                                (no ring)

@: mighty, brilliant, agile, lethally poisoned (-1 -> -12), resistant, not
resistant to hostile enchantments, very unstealthy
A: permanent stasis, dig shafts and tunnels, four strong arms, antennae 3
a: Dig, Shaft Self


You were on level 3 of the Dungeon.
You were not hungry.

You visited 1 branch of the dungeon, and saw 3 of its levels.

You collected 152 gold pieces.

Inventory:

Hand weapons
 a - a +0 quarterstaff (weapon)
Armour
 h - a +0 scale mail (worn)
Scrolls
 b - a scroll of amnesia {unknown}
 c - 6 scrolls of identify {unknown}
 j - a scroll of teleportation {unknown}
 m - a scroll of blinking {unknown}
 n - 4 scrolls of remove curse {unknown}
Potions
 o - 2 potions of brilliance
Comestibles
 f - a bread ration
 i - 2 meat rations
 p - a slice of pizza


   Skills:
 + Level 4.1 Fighting
 + Level 4.7 Staves
 - Level 1.5 Throwing
 + Level 3.3 Armour
 - Level 2.6 Dodging


You had 5 spell levels left.
You didn't know any spells.

Dungeon Overview and Level Annotations

Branches:
Dungeon (3/15)

Altars:

Annotations:
D:3 Sigmund


Innate Abilities, Weirdness & Mutations

You are under a permanent stasis effect.
You can dig through walls and to a lower floor.
Your four strong arms can wield two-handed weapons with a shield.
You have a pair of large antennae on your head (SInv).


Message History

You feel sick. Sigmund closely misses you.
Drink which item? (? for menu, Esc to quit)
It was a potion of restore abilities.
You feel refreshed.
* * * LOW HITPOINT WARNING * * *
You feel sick.
Sigmund zaps a wand.
You resist with some effort.
Drink which item? (? for menu, Esc to quit)
It was a potion of resistance.
You feel protected.
* * * LOW HITPOINT WARNING * * *
You feel sick. Sigmund casts a spell at you. You resist with some effort.
Drink which item? (? for menu, Esc to quit)
It was a potion of agility.
You feel agile all of a sudden.
* * * LOW HITPOINT WARNING * * *
You feel sick.
Sigmund zaps a wand.
You resist with some effort.
Drink which item? (? for menu, Esc to quit)
You feel very mighty all of a sudden.
You die...

#.###.# #. #>##### .
#.....# #...... #.
#.##### ######.
#.#####.# #.
##.(.....#######.##. #.
#................8.. {
#.
#####.....#.#.#####....#
#.
........#.#....(@......#
#.
#####.#.#..(.†..@#...P(#
#. #######.#........#
.#### #.
.........#.......## # #.
#######.###.......#.#
###. # #..#........#.#
#... #.#.........#.#
#.## #.#...........#####
#.# #...................
#.# #.#########.#######
#.#


You could see Sigmund (invisible).

Vanquished Creatures
  An orc wizard (D:3)
  Ijyb (D:2)
  2 hound skeletons (D:3)
  A worker ant zombie (D:3)
  7 gnolls (D:2)
  2 adders
  2 worms (D:2)
  An adder skeleton (D:3)
  2 adder zombies (D:3)
  2 giant geckos
  An ooze (D:2)
  3 orcs (D:3)
  2 ball pythons
  4 bats
  2 bat zombies (D:3)
  5 giant cockroaches
  7 goblins
  2 hobgoblins (D:1)
  3 jackals (D:2)
  A ball python zombie (D:3)
  2 giant cockroach zombies (D:3)
  A giant gecko zombie (D:3)
  5 giant newts
  A jackal zombie (D:3)
  8 kobolds
  2 quokka skeletons (D:3)
  8 rats
78 creatures vanquished.

Notes
Turn   | Place    | Note
--------------------------------------------------------------
     0 | D:1      | EmilioHeskey, the Formicid Gladiator, began the quest for the Orb.
     0 | D:1      | Reached XP level 1. HP: 16/16 MP: 1/1
    79 | D:1      | Reached XP level 2. HP: 4/23 MP: 3/3
   457 | D:1      | Reached skill level 1 in Armour
   679 | D:1      | Reached XP level 3. HP: 21/28 MP: 4/4
   885 | D:2      | Reached XP level 4. HP: 31/35 MP: 5/5
  1253 | D:2      | Reached skill level 4 in Staves
  1253 | D:2      | Reached XP level 5. HP: 41/41 MP: 7/7
  1425 | D:2      | Noticed Ijyb
  1436 | D:2      | Killed Ijyb
  2363 | D:3      | Reached XP level 6. HP: 46/48 MP: 8/8
  2751 | D:3      | Noticed Sigmund
  2783 | D:3      | HP: 2/48 [poisoned by Sigmund]
  2785 | D:3      | Succumbed to Sigmund's poison

Action                   |  1- 3 |  4- 6 || total
-------------------------+-------+-------++-------
Melee: Quarterstaff      |    89 |   216 ||   305
Throw: Throwing net      |       |     3 ||     3
  Use: Potion            |     2 |     6 ||     8
  Eat: Chunk             |       |     3 ||     3
       Bread ration      |       |     1 ||     1
